AoeStats
← a4rkangel

Arabia

507882725Analyzed
1v1 RM · 12d ago on Sep 20, 2026· 48m 39s· 2 players
Game mode
Random Map
Map size
Tiny (2 player)
Population
200
Speed
Normal
Resources
Standard
Victory
Conquest
Starting age
Dark Age
Ending age
Imperial Age
RankedLock teamsTeams togetherTeam positionsShared explorationLock speedFull tech treeHidden civsTurbo modeCheats
Victory
Defeat
🇨🇱 Magyars · Chile
697
+17
🇲🇽 Bulgarians · Mexico
709
-17
a4rkangel
7:52 Loom
9:59 Feudal Age
24:27 Castle Age
24:31 Fletching
24:33 Double-Bit Axe
25:09 Bodkin Arrow
25:23 Thumb Ring
26:19 Padded Archer Armor
26:38 Crossbowman
28:44 Pikeman
30:21 Bow Saw
30:45 Horse Collar
33:03 Heavy Plow
34:26 Scale Barding Armor
34:36 Leather Archer Armor
34:34 Bloodlines
34:25 Husbandry
37:00 Chain Barding Armor
36:33 Gold Mining
39:01 Wheelbarrow
44:23 Imperial Age
42:42 Gold Shaft Mining
43:36 Light Cavalry
44:44 Hand Cart
44:56 Ballistics
44:54 Cavalier
47:52 Chemistry
Paco Jidonez
10:10 Feudal Age
16:01 Forging
22:05 Bloodlines
24:05 Castle Age
23:30 Bloodlines
25:00 Husbandry
30:27 Double-Bit Axe
30:24 Horse Collar
32:12 Bow Saw
33:36 Fletching
33:52 Scale Barding Armor
34:23 Iron Casting
43:18 Imperial Age
42:08 Stirrups
42:42 Town Watch
42:48 Town Watch
43:16 Scale Mail Armor
Connection lost

Rejoining the realm…

Still unreachable

The connection could not be restored.

Session expired

The server has moved on; the page needs a fresh start.